 Dungeon Crawl Stone Soup version 0.30.0-15-g856e2d3f33 (webtiles) character file.

Game seed: 6548727899805821420

96 qw the Chopper (level 4, -1/28 HPs)
             Began as a Gargoyle Fighter on May 20, 2023.
             Slain by a hobgoblin
             ... wielding a +0 club
              (5 damage)
             ... on level 3 of the Dungeon.
             The game lasted 00:01:09 (2143 turns).

qw the Chopper (Gargoyle Fighter)                   Turns: 2143, Time: 00:01:09

Health: -1/28      AC: 12    Str: 21    XL:     4   Next: 67%
Magic:  4/4        EV:  7    Int:  9    God:
Gold:   103        SH:  4    Dex:  9    Spells: 3/3 levels left

rFire   . . .        Y - +0 war axe
rCold   . . .        c - +0 buckler
rNeg    + . .        m - +0 chain mail
rPois   inf          (no helmet)
rElec   +            (no cloak)
rCorr   .            (no gloves)
SInv    .            (no boots)
Will    .....        (no amulet) Stlth
                     (no ring)
HPRegen 0.24/turn    (no ring)
MPRegen 0.09/turn

%: no passive effects
@: about to teleport
A: sickness immunity, AC +3, negative energy resistance 1, electricity
resistance, torment resistance 1, petrification resistance
a: no special abilities


You were on level 3 of the Dungeon.
You visited 1 branch of the dungeon, and saw 3 of its levels.

You collected 103 gold pieces.


Innate Abilities, Weirdness & Mutations

You are immune to sickness and miasma.
Your stone body is resilient. (AC +3)
You are immune to poison.
You resist negative energy. (rN+)
You are resistant to electric shocks. (rElec)
You are resistant to unholy torment.
You are immune to petrification.


   Skills:
 - Level 3.2 Fighting
 + Level 4.3 Axes
 - Level 3.2 Armour
 - Level 3.2 Shields


You had 3 spell levels left.
You didn't know any spells.
Your spell library was empty.

Inventory:

Hand Weapons
 a - a +0 flail
 Y - a +0 war axe (weapon)
Armour
 c - a +0 buckler (worn)
 e - a +0 pair of gloves
 m - a +0 chain mail (worn)
Scrolls
 k - a scroll of identify {unknown}
 l - a scroll of noise {unknown}
Potions
 d - a potion of might
 f - a potion of ambrosia {unknown}
 g - a potion of brilliance {unknown}
 h - a potion of haste {unknown}
 i - a potion of lignification {unknown}
 j - a potion of mutation {unknown}
 n - a potion of cancellation {unknown}

Dungeon Overview and Level Annotations

Branches:
Dungeon (3/15)

Altars:
Dithmenos
Sif Muna


Message History

The kobold completely misses you. The hobgoblin hits you with a +0 club.
You slash the hobgoblin!
You kill the hobgoblin!
You closely miss the kobold. x2
A hobgoblin comes into view. It is wielding a +0 club.
The kobold hits you but does no damage. You block the kobold's attack.
You barely miss the kobold.
The hobgoblin shouts!
You hit the hobgoblin but do no damage. You hit the kobold.
The hobgoblin hits you with a +0 club. The kobold closely misses you.
The kobold completely misses you.
You hit the kobold but do no damage.
The kobold is heavily wounded.
You slash the hobgoblin!
You kill the hobgoblin!
You barely miss the kobold. The kobold hits you with a +0 dagger.
A kobold comes into view. It is wielding a +0 club.
The kobold hits you but does no damage. You block the kobold's attack.
The kobold closely misses you.
A kobold comes into view. It is wielding a +0 dagger.
The kobold moves out of view.
2140 ||| READING scroll of teleportation.
As you read the scroll of teleportation, it crumbles to dust.
You feel strangely unstable.
The kobold hits you but does no damage. x2
You barely miss the kobold.
The kobold is heavily wounded.
You hit the kobold but do no damage.
The kobold hits you with a +0 dagger. x2
You hit the kobold.
You kill the kobold!
You hit the kobold. The kobold barely misses you.
You slash the kobold!
You kill the kobold!
You closely miss the hobgoblin.
The hobgoblin hits you but does no damage.
The hobgoblin hits you with a +0 club.
You die...

#. #.
#. ####
######
####.
...
.....
.....
<.#....
###..
....#
.....
#..# ##
#@)# #.
#g)# #.
##K.#
#. ..#
#. ..#
#. ..#
#. ..#
#. .##
##


You could see a hobgoblin and a kobold.

Vanquished Creatures
  3 adders
  A worm (D:2)
  2 dart slugs (D:1)
  5 orcs (D:3)
  2 bats (D:1)
  3 endoplasms
  2 giant cockroaches
  6 hobgoblins
  4 jackals
  A quokka (D:2)
  5 ball pythons
  A frilled lizard (D:1)
  4 goblins
  10 kobolds
  4 rats
53 creatures vanquished.

Notes
Turn   | Place    | Note
-------+----------+-------------------------------------------
     0 | D:1      | qw the Gargoyle Fighter began the quest for the Orb.
     0 | D:1      | Reached XP level 1. HP: 14/14 MP: 1/1
     0 | D:1      | 0 ||| qw: Version: 0.2-a-97-g499787f
     0 | D:1      | 0 ||| qw: Game counter: 85
     0 | D:1      | 0 ||| qw: Always use a shield: true
     0 | D:1      | 0 ||| qw: God list: Okawaru
     0 | D:1      | 0 ||| qw: Allow faded altars: false
     0 | D:1      | 0 ||| qw: Do Orc after D:15 true
     0 | D:1      | 0 ||| qw: Do second Lair branch before Depths: true
     0 | D:1      | 0 ||| qw: Lair rune preference: random
     0 | D:1      | 0 ||| qw: Plans: Normal, Zot:1-4, God:TSO, Crypt, Tomb,
                  | Pan, Slime:5, Hells, Abyss, Win
     0 | D:1      | 0 ||| PLANNING D:1-11
    51 | D:1      | Reached skill level 2 in Axes
    81 | D:1      | 81 ||| Stepping ~*~*~tactically~*~*~ (hiding).
    82 | D:1      | 82 ||| Stepping ~*~*~tactically~*~*~ (hiding).
    90 | D:1      | Reached XP level 2. HP: 19/19 MP: 2/2
   225 | D:1      | 225 ||| Stepping ~*~*~tactically~*~*~ (stealth).
   229 | D:1      | 229 ||| Stepping ~*~*~tactically~*~*~ (stealth).
   361 | D:1      | 361 ||| Stepping ~*~*~tactically~*~*~ (stealth).
   536 | D:1      | Found a faded altar of an unknown god.
   560 | D:1      | 560 ||| Stepping ~*~*~tactically~*~*~ (hiding).
   563 | D:1      | 563 ||| Stepping ~*~*~tactically~*~*~ (hiding).
   574 | D:1      | Reached skill level 3 in Axes
   711 | D:1      | Reached XP level 3. HP: 23/23 MP: 3/3
   995 | D:1      | 995 ||| Stepping ~*~*~tactically~*~*~ (stealth).
  1093 | D:1      | 1093 ||| UPGRADING to +0 chain mail.
  1103 | D:1      | 1103 ||| DROPPING +0 scale mail.
  1104 | D:1      | 1104 ||| READING scroll labelled GAIRUR EHYTROS.
  1105 | D:1      | 1105 ||| READING scroll labelled YFAUKHL YKHLUTS.
  1106 | D:1      | 1106 ||| READING scroll labelled KESSUQ ZAAS.
  1107 | D:1      | 1107 ||| READING scroll labelled VAKUKL VEUSH.
  1108 | D:1      | 1108 ||| DRINKING 2 viscous red potions.
  1109 | D:1      | 1109 ||| DROPPING potion of invisibility.
  1316 | D:2      | Identified the +0 robe "Oczalifi" {rN++ Will- Regen+ Int+2}
  1511 | D:2      | Reached XP level 4. HP: 28/28 MP: 4/4
  1591 | D:2      | 1591 ||| Stepping ~*~*~tactically~*~*~ (stealth).
  1593 | D:2      | 1593 ||| Stepping ~*~*~tactically~*~*~ (stealth).
  1594 | D:2      | 1594 ||| Stepping ~*~*~tactically~*~*~ (stealth).
  1774 | D:2      | 1774 ||| READING scroll labelled POVADU PACATA.
  1775 | D:2      | 1775 ||| READING 2 scrolls labelled CUXKEU PAME.
  1841 | D:3      | Reached skill level 4 in Axes
  1875 | D:3      | 1875 ||| DROPPING +0 whip.
  1905 | D:3      | 1905 ||| Stepping ~*~*~tactically~*~*~ (hiding).
  1906 | D:3      | 1906 ||| Stepping ~*~*~tactically~*~*~ (hiding).
  2063 | D:3      | Found a shimmering blue altar of Sif Muna.
  2098 | D:3      | Found a shadowy altar of Dithmenos.
  2139 | D:3      | HP: 7/28 [kobold/+0 dagger (1)]
  2140 | D:3      | 2140 ||| READING scroll of teleportation.
  2143 | D:3      | Slain by a hobgoblin

Levels and vault maps discovered:
D:1:      minmay_arrival_cross, layout_basic, ebering_ecumenical_altar_mist,
          serial_glass, glass_columns_a, glass_columns_b, chequers_avenue,
          bh_walls_and_bars
D:2:      layout_basic, corexii_shack
D:3:      cheibrodos_thug_alley, layout_basic, mainiacjoe_overflow_catwalk,
          lemuel_tele_altar, st_stairs_13

Skill      XL: |  1  2  3  4 |
---------------+-------------+-----
Axes           | 2 3 4 |  4.3
Fighting       | |  3.2
Armour         | |  3.2
Shields        | |  3.2

Action                     |  1- 3 |  4- 6 || total
---------------------------+-------+-------++-------
  Melee: War axe           |   113 |    68 ||   181
    Use: Scroll            |     4 |     3 ||     7
         Potion            |     1 |       ||     1
 Armour: Scale mail        |    24 |       ||    24
         Chain mail        |    32 |    47 ||    79
  Dodge: Dodged            |    34 |    24 ||    58
  Block: Buckler           |    25 |    11 ||    36

Table legend:
 A = Non-vault XP
 B = Vault XP
 C = Vault XP percentage of total XP
 D = Non-vault monster count
 E = Vault monster count
 F = Vault count percentage of total count
                 A         B        C        D         E       F
            +---------+---------+-------+---------+---------+-------
      Total |     126 |      13 |   9.4 |      46 |       7 |  13.2
            +---------+---------+-------+---------+---------+-------
        D:1 |      41 |       0 |   0.0 |      23 |       0 |   0.0
        D:2 |      50 |       2 |   3.8 |      13 |       1 |   7.1
        D:3 |      35 |      11 |  23.9 |      10 |       6 |  37.5
            +---------+---------+-------+---------+---------+-------
